 Dungeon Crawl Stone Soup version 0.32-a0-699-g1ee5eff69a (webtiles) character file.

Game seed: 18085904085008577537

34 Squelettyx the Cudgeller (level 3, 0/36 HPs)
             Began as a Troll Berserker on Mar 13, 2024.
             Was a Believer of Trog.
             Slain by a cerulean imp
             ... wielding a +1 spear
             ... summoned by Natasha
              (3 damage)
             ... on level 2 of the Dungeon.
             The game lasted 00:13:34 (930 turns).

Squelettyx the Cudgeller (Troll Berserker)           Turns: 930, Time: 00:13:35

Health: 0/36       AC:  4    Str: 27    XL:     3   Next: 14%
Magic:  2/2        EV:  9    Int:  3    God:    Trog [**....]
Gold:   59         SH:  0    Dex:  9    Spells: 2/2 levels left

rFire   . . .        a - +0 mace
rCold   . . .        (no shield)
rNeg    . . .        b - +0 animal skin
rPois   .            (helmet restricted)
rElec   .            (no cloak)
rCorr   .            (gloves unavailable)
SInv    .            (boots unavailable)
Will    .....        (no amulet)
Stlth   +            (no ring)
HPRegen 1.06/turn    (no ring)
MPRegen 0.08/turn

%: no passive effects
@: slowed, very slow
A: large, unfitting armour, claws 3, regeneration 1, shaggy fur 1, tough skin 1
a: Renounce Religion, Berserk, Trog's Hand


You were on level 2 of the Dungeon.
You worshipped Trog.
Trog was pleased with you.
You visited 1 branch of the dungeon, and saw 2 of its levels.

You collected 59 gold pieces.

Inventory:

Hand Weapons
 a - a +0 mace (weapon)
Missiles
 e - 16 stones (quivered)
Armour
 b - a +0 animal skin (worn)
Jewellery
 i - a ring of flight
Scrolls
 c - a scroll of enchant weapon {unknown}
 d - 3 scrolls of identify {unknown}
 f - a scroll of butterflies {unknown}
Potions
 h - 2 potions of curing {unknown}
 j - a potion of attraction {unknown}


   Skills:
 + Level 2.8 Fighting
 + Level 3.2 Maces & Flails
 + Level 2.8 Dodging


You had 2 spell levels left.
You didn't know any spells.
Your spell library contained the following spells:

 Spells                   Type           Power      Damage    Failure   Level
 Blink                    Tloc           0%         N/A       67%         2
 Lesser Beckoning         Tloc           0%         N/A       67%         2
 Momentum Strike          Conj/Tloc      0%         3d8       67%         2


Dungeon Overview and Level Annotations

Branches:
Dungeon (2/15)

Altars:

Annotations:
D:2 Natasha


Innate Abilities, Weirdness & Mutations

You are too large for most types of armour.
You have claws for hands.
Your natural rate of healing is unusually fast.
You are covered in fur. (AC +1)
You have tough skin. (AC +1)


Message History

Trog accepts your kill.
e - 16 stones (gained 3)
You see here a +0 short sword.
Found a scroll labelled UFUIKKUCOJI.
f - a scroll labelled UFUIKKUCOJI Natasha, Servant of Life and Death comes into view.
Natasha hisses angrily.
The endoplasm quivers.
Natasha stares at you and mumbles some strange words.
You feel yourself slow down. The dart slug launches a dart at you.
The slug dart misses you.
Natasha casts a spell.
Press: ? - help, . - travel You can't see that place. [a rock wall.]
You hit Natasha.
Natasha is lightly wounded.
Natasha barely misses you.
The cerulean imp hits you from afar with a +1 spear.
Natasha claws you.
The cerulean imp hits you from afar with a +1 spear.
You barely miss Natasha.
Natasha is lightly wounded.
Natasha claws you.
The cerulean imp hits you from afar with a +1 spear.
Natasha claws you. The cerulean imp barely misses you.
The dart slug briefly extends its eye-stalks.
The dart slug launches a dart at you. The slug dart hits you.
The cerulean imp hits you from afar with a +1 spear.
Natasha barely misses you. The cerulean imp closely misses you.
Natasha casts a spell at you. The magic dart hits you!
* * * LOW HITPOINT WARNING * * *
The endoplasm closely misses you.
The cerulean imp hits you from afar with a +1 spear.
You die...

...≈~...# #....## ..P~~~....
+.....# ...~~~~..# #......
.~~~~≈~..# #.<....
..≈~≈≈≈..##### #......
.$~≈≈≈≈~.....# #######
.~.~≈≈P.5.....# #.~~w≈≈~.Jh....#
...~~≈≈≈~~@###### ##### #
#.~.~≈≈≈~..# #...# #
###.~~~≈≈≈P~.###### #...# #
#...~P≈≈~P~~......# #...# #
...#..~~~≈≈~.~~......###...#####
#.....~≈~≈~P.~.......'.†...'...'
...~.~≈≈≈~~.........###...#####
..~~≈≈≈P~..........# #...# #
##≈P≈≈.P...........# ##### #


You could see Natasha, a cerulean imp (summoned), a dart slug and an endoplasm.

Vanquished Creatures
  A dart slug (D:2)
  3 ball pythons
  2 bats
  2 endoplasms (D:1)
  A giant cockroach (D:2)
  4 goblins
  4 hobgoblins
  2 jackals (D:1)
  3 kobolds
  2 quokkas
  A frilled lizard (D:2)
  A rat (D:1)
26 creatures vanquished.

Notes
Turn   | Place    | Note
-------+----------+-------------------------------------------
     0 | D:1      | Squelettyx the Troll Berserker began the quest for the Orb.
     0 | D:1      | Reached XP level 1. HP: 22/22 MP: 0/0
    81 | D:1      | Reached XP level 2. HP: 26/29 MP: 1/1
   261 | D:1      | Reached skill level 3 in Maces & Flails
   277 | D:1      | Found a faded altar of an unknown god.
   484 | D:2      | Reached ** piety under Trog
   748 | D:2      | Reached XP level 3. HP: 36/36 MP: 2/2
   922 | D:2      | Noticed Natasha
   930 | D:2      | Slain by a cerulean imp

Illustrated notes

Levels and vault maps discovered:
D:1:      mrwooster_arrival_statue_3, layout_basic, ebering_ecumenical_altar_box
D:2:      layout_basic, chequers_big_river, nrook_uturn, grunt_decor_fettered,
          uniq_natasha

Skill      XL: |  1  2 |
---------------+-------+-----
Maces & Flails | 3 |  3.2
Fighting       | |  2.8
Dodging        | |  2.8

Action                     || total
---------------------------++-------
  Melee: Mace              ||    70
 Armour: Animal skin       ||    58
  Dodge: Dodged            ||    38

Table legend: (Time is in decaauts)
 A = Elapsed time spent in this place.
 B = Non-inter-level travel time spent in this place.
 C = Inter-level travel time spent in this place.
 D = Time resting spent in this place.
 E = Time spent auto-exploring this place.
 F = Levels seen in this place.
 G = Mean time per level.
                   A        B        C        D        E       F      G
               +--------+--------+--------+--------+--------+-----+--------+
         Total |    951 |    941 |     10 |      0 |    236 |   2 |  475.5 |
       Dungeon |    951 |    941 |     10 |      0 |    236 |   2 |  475.5 |
               +--------+--------+--------+--------+--------+-----+--------+

Top non-repeatable levels by time:
     D:1: 545 daAuts
     D:2: 406 daAuts
